Workbook
Name l_FraisFixe: t_FraisFixe[Frais Fixe]
Name l_Loc: t_Loc[Loc]
Name l_Mois: t_Mois[Mois]

Sheet Tableau de Bord

Sheet Liste
B2: Loc | D2: Frais Fixe | F2: Mois
B3: Annuel | D3: EAU | F3: 45658
B4: Mensuel | D4: EDP | F4: 45689
B5: RBNB | D5: GAZ | F5: 45717
B6: Trip | D6: SITE | F6: 45748
B7: 1 | D7: AUTRE | F7: 45778
B8: 2 | F8: 45809
B9: 3 | F9: 45839
B10: 4 | F10: 45870
F11: 45901
F12: 45931
F13: 45962
F14: 45992

Sheet TdB
A1: Tableau de Bord
A2: Choisir un Mois >> | B2: 45931
A3: Proprio | B3: Dépense | C3: Rentrée | D3: Bénéfices | E3: Marge % | F3: Colonne1 | G3: Colonne2 | H3: Colonne3
A4: Monica | B4: =SUMIFS(Recap_Monica[Dépense],Recap_Monica[Mois],TdB!$B$2) -> 70 | C4: =SUMIFS(Recap_Monica[Rentrée],Recap_Monica[Mois],TdB!$B$2) -> 1500 | D4: =C4-B4 -> 1430 | E4: =IF(B4=0, 0, D4/B4) -> 20.428571
A5: La Plage | B5: =SUMIFS(Recap_LaPlage[Dépense],Recap_LaPlage[Mois],TdB!$B$2) -> 415 | C5: =SUMIFS(Recap_LaPlage[Rentrée],Recap_LaPlage[Mois],TdB!$B$2) -> 300 | D5: =C5-B5 -> -115 | E5: =IF(B5=0, 0, D5/B5) -> -0.27710843
A6: Olho Marinho | B6: =SUMIFS(Recap_Olho_Marinho[Dépense],Recap_Olho_Marinho[Mois],TdB!$B$2) -> 120 | C6: =SUMIFS(Recap_Olho_Marinho[Rentrée],Recap_Olho_Marinho[Mois],TdB!$B$2) -> 500 | D6: =C6-B6 -> 380 | E6: =IF(B6=0, 0, D6/B6) -> 3.1666667

Sheet Monica
A1: Proprio Monica | B1: Investissement | C1: Mt Invest | D1: Loyer à Payer | E1: Frais Fixes | F1: Mt Frais fixes | G1: Genre de Loc | H1: Tarif | J1: Mois | K1: Dépense | L1: Rentrée | M1: Bénéfice | N1: Marge %
A2: 45901 | J2: 45658 | K2: =SUMIF(t_Monica[Proprio Monica],Recap_Monica[[#This Row],[Mois]],t_Monica[Mt Invest])+SUMIF(t_Monica[Proprio Monica],Recap_Monica[[#This Row],[Mois]],t_Monica[Loyer à Payer])+SUMIF(t_Monica[Proprio Monica],Recap_Monica[[#This Row],[Mois]],t_Monica[Mt Frais fixes]) -> 0 | L2: =SUMIF(t_Monica[Proprio Monica],Recap_Monica[[#This Row],[Mois]],t_Monica[Tarif]) -> 0 | M2: {=IF(J2="", "", L2-K2)} -> 0 | N2: {=IF(J2="", "", IF(K2=0, 0, M2/K2))} -> 0
A3: 45901 | C3: 200 | D3: 1200 | E3: EDP | F3: 50 | G3: Annuel | H3: 2100 | J3: 45689 | K3: =SUMIF(t_Monica[Proprio Monica],Recap_Monica[[#This Row],[Mois]],t_Monica[Mt Invest])+SUMIF(t_Monica[Proprio Monica],Recap_Monica[[#This Row],[Mois]],t_Monica[Loyer à Payer])+SUMIF(t_Monica[Proprio Monica],Recap_Monica[[#This Row],[Mois]],t_Monica[Mt Frais fixes]) -> 0 | L3: =SUMIF(t_Monica[Proprio Monica],Recap_Monica[[#This Row],[Mois]],t_Monica[Tarif]) -> 0 | M3: {=IF(J3="", "", L3-K3)} -> 0 | N3: {=IF(J3="", "", IF(K3=0, 0, M3/K3))} -> 0
A4: 45931 | J4: 45717 | K4: =SUMIF(t_Monica[Proprio Monica],Recap_Monica[[#This Row],[Mois]],t_Monica[Mt Invest])+SUMIF(t_Monica[Proprio Monica],Recap_Monica[[#This Row],[Mois]],t_Monica[Loyer à Payer])+SUMIF(t_Monica[Proprio Monica],Recap_Monica[[#This Row],[Mois]],t_Monica[Mt Frais fixes]) -> 0 | L4: =SUMIF(t_Monica[Proprio Monica],Recap_Monica[[#This Row],[Mois]],t_Monica[Tarif]) -> 0 | M4: {=IF(J4="", "", L4-K4)} -> 0 | N4: {=IF(J4="", "", IF(K4=0, 0, M4/K4))} -> 0
A5: 45931 | E5: GAZ | F5: 70 | G5: Mensuel | H5: 1500 | J5: 45748 | K5: =SUMIF(t_Monica[Proprio Monica],Recap_Monica[[#This Row],[Mois]],t_Monica[Mt Invest])+SUMIF(t_Monica[Proprio Monica],Recap_Monica[[#This Row],[Mois]],t_Monica[Loyer à Payer])+SUMIF(t_Monica[Proprio Monica],Recap_Monica[[#This Row],[Mois]],t_Monica[Mt Frais fixes]) -> 0 | L5: =SUMIF(t_Monica[Proprio Monica],Recap_Monica[[#This Row],[Mois]],t_Monica[Tarif]) -> 0 | M5: {=IF(J5="", "", L5-K5)} -> 0 | N5: {=IF(J5="", "", IF(K5=0, 0, M5/K5))} -> 0
A6: 45962 | J6: 45778 | K6: =SUMIF(t_Monica[Proprio Monica],Recap_Monica[[#This Row],[Mois]],t_Monica[Mt Invest])+SUMIF(t_Monica[Proprio Monica],Recap_Monica[[#This Row],[Mois]],t_Monica[Loyer à Payer])+SUMIF(t_Monica[Proprio Monica],Recap_Monica[[#This Row],[Mois]],t_Monica[Mt Frais fixes]) -> 0 | L6: =SUMIF(t_Monica[Proprio Monica],Recap_Monica[[#This Row],[Mois]],t_Monica[Tarif]) -> 0 | M6: {=IF(J6="", "", L6-K6)} -> 0 | N6: {=IF(J6="", "", IF(K6=0, 0, M6/K6))} -> 0
A7: 45962 | D7: 1000 | G7: Mensuel | H7: 2000 | J7: 45809 | K7: =SUMIF(t_Monica[Proprio Monica],Recap_Monica[[#This Row],[Mois]],t_Monica[Mt Invest])+SUMIF(t_Monica[Proprio Monica],Recap_Monica[[#This Row],[Mois]],t_Monica[Loyer à Payer])+SUMIF(t_Monica[Proprio Monica],Recap_Monica[[#This Row],[Mois]],t_Monica[Mt Frais fixes]) -> 0 | L7: =SUMIF(t_Monica[Proprio Monica],Recap_Monica[[#This Row],[Mois]],t_Monica[Tarif]) -> 0 | M7: {=IF(J7="", "", L7-K7)} -> 0 | N7: {=IF(J7="", "", IF(K7=0, 0, M7/K7))} -> 0
A8: Total | C8: =SUBTOTAL(109,t_Monica[Mt Invest]) -> 200 | D8: =SUBTOTAL(109,t_Monica[Loyer à Payer]) -> 2200 | F8: =SUBTOTAL(109,t_Monica[Mt Frais fixes]) -> 120 | H8: =SUBTOTAL(109,t_Monica[Tarif]) -> 5600 | J8: 45839 | K8: =SUMIF(t_Monica[Proprio Monica],Recap_Monica[[#This Row],[Mois]],t_Monica[Mt Invest])+SUMIF(t_Monica[Proprio Monica],Recap_Monica[[#This Row],[Mois]],t_Monica[Loyer à Payer])+SUMIF(t_Monica[Proprio Monica],Recap_Monica[[#This Row],[Mois]],t_Monica[Mt Frais fixes]) -> 0 | L8: =SUMIF(t_Monica[Proprio Monica],Recap_Monica[[#This Row],[Mois]],t_Monica[Tarif]) -> 0 | M8: {=IF(J8="", "", L8-K8)} -> 0 | N8: {=IF(J8="", "", IF(K8=0, 0, M8/K8))} -> 0
J9: 45870 | K9: =SUMIF(t_Monica[Proprio Monica],Recap_Monica[[#This Row],[Mois]],t_Monica[Mt Invest])+SUMIF(t_Monica[Proprio Monica],Recap_Monica[[#This Row],[Mois]],t_Monica[Loyer à Payer])+SUMIF(t_Monica[Proprio Monica],Recap_Monica[[#This Row],[Mois]],t_Monica[Mt Frais fixes]) -> 0 | L9: =SUMIF(t_Monica[Proprio Monica],Recap_Monica[[#This Row],[Mois]],t_Monica[Tarif]) -> 0 | M9: {=IF(J9="", "", L9-K9)} -> 0 | N9: {=IF(J9="", "", IF(K9=0, 0, M9/K9))} -> 0
J10: 45901 | K10: =SUMIF(t_Monica[Proprio Monica],Recap_Monica[[#This Row],[Mois]],t_Monica[Mt Invest])+SUMIF(t_Monica[Proprio Monica],Recap_Monica[[#This Row],[Mois]],t_Monica[Loyer à Payer])+SUMIF(t_Monica[Proprio Monica],Recap_Monica[[#This Row],[Mois]],t_Monica[Mt Frais fixes]) -> 1450 | L10: =SUMIF(t_Monica[Proprio Monica],Recap_Monica[[#This Row],[Mois]],t_Monica[Tarif]) -> 2100 | M10: {=IF(J10="", "", L10-K10)} -> 650 | N10: {=IF(J10="", "", IF(K10=0, 0, M10/K10))} -> 0.44827586
J11: 45931 | K11: =SUMIF(t_Monica[Proprio Monica],Recap_Monica[[#This Row],[Mois]],t_Monica[Mt Invest])+SUMIF(t_Monica[Proprio Monica],Recap_Monica[[#This Row],[Mois]],t_Monica[Loyer à Payer])+SUMIF(t_Monica[Proprio Monica],Recap_Monica[[#This Row],[Mois]],t_Monica[Mt Frais fixes]) -> 70 | L11: =SUMIF(t_Monica[Proprio Monica],Recap_Monica[[#This Row],[Mois]],t_Monica[Tarif]) -> 1500 | M11: {=IF(J11="", "", L11-K11)} -> 1430 | N11: {=IF(J11="", "", IF(K11=0, 0, M11/K11))} -> 20.428571
J12: 45962 | K12: =SUMIF(t_Monica[Proprio Monica],Recap_Monica[[#This Row],[Mois]],t_Monica[Mt Invest])+SUMIF(t_Monica[Proprio Monica],Recap_Monica[[#This Row],[Mois]],t_Monica[Loyer à Payer])+SUMIF(t_Monica[Proprio Monica],Recap_Monica[[#This Row],[Mois]],t_Monica[Mt Frais fixes]) -> 1000 | L12: =SUMIF(t_Monica[Proprio Monica],Recap_Monica[[#This Row],[Mois]],t_Monica[Tarif]) -> 2000 | M12: {=IF(J12="", "", L12-K12)} -> 1000 | N12: {=IF(J12="", "", IF(K12=0, 0, M12/K12))} -> 1
J13: 45992 | K13: =SUMIF(t_Monica[Proprio Monica],Recap_Monica[[#This Row],[Mois]],t_Monica[Mt Invest])+SUMIF(t_Monica[Proprio Monica],Recap_Monica[[#This Row],[Mois]],t_Monica[Loyer à Payer])+SUMIF(t_Monica[Proprio Monica],Recap_Monica[[#This Row],[Mois]],t_Monica[Mt Frais fixes]) -> 0 | L13: =SUMIF(t_Monica[Proprio Monica],Recap_Monica[[#This Row],[Mois]],t_Monica[Tarif]) -> 0 | M13: {=IF(J13="", "", L13-K13)} -> 0 | N13: {=IF(J13="", "", IF(K13=0, 0, M13/K13))} -> 0
J14: Total | K14: =SUBTOTAL(109,Recap_Monica[Dépense]) -> 2520 | L14: =SUBTOTAL(109,Recap_Monica[Rentrée]) -> 5600 | M14: =SUBTOTAL(109,Recap_Monica[Bénéfice]) -> 3080

Sheet La Plage
A1: Proprio Monica | B1: Investissement | C1: Mt Invest | D1: Loyer à Payer | E1: Frais Fixes | F1: Mt Frais fixes | G1: Genre de Loc | H1: Tarif | J1: Mois | K1: Dépense | L1: Rentrée | M1: Bénéfice | N1: Marge %
A2: 45901 | J2: 45658 | K2: =SUMIF(t_LaPlage[Proprio Monica],Recap_LaPlage[[#This Row],[Mois]],t_LaPlage[Mt Invest])+SUMIF(t_LaPlage[Proprio Monica],Recap_LaPlage[[#This Row],[Mois]],t_LaPlage[Loyer à Payer])+SUMIF(t_LaPlage[Proprio Monica],Recap_LaPlage[[#This Row],[Mois]],t_LaPlage[Mt Frais fixes]) -> 0 | L2: =SUMIF(t_LaPlage[Proprio Monica],Recap_LaPlage[[#This Row],[Mois]],t_LaPlage[Tarif]) -> 0 | M2: {=IF(J2="", "", L2-K2)} -> 0 | N2: {=IF(J2="", "", IF(K2=0, 0, M2/K2))} -> 0
A3: 45901 | C3: 100 | D3: 800 | E3: EDP | F3: 50 | G3: Annuel | H3: 2000 | J3: 45689 | K3: =SUMIF(t_LaPlage[Proprio Monica],Recap_LaPlage[[#This Row],[Mois]],t_LaPlage[Mt Invest])+SUMIF(t_LaPlage[Proprio Monica],Recap_LaPlage[[#This Row],[Mois]],t_LaPlage[Loyer à Payer])+SUMIF(t_LaPlage[Proprio Monica],Recap_LaPlage[[#This Row],[Mois]],t_LaPlage[Mt Frais fixes]) -> 0 | L3: =SUMIF(t_LaPlage[Proprio Monica],Recap_LaPlage[[#This Row],[Mois]],t_LaPlage[Tarif]) -> 0 | M3: {=IF(J3="", "", L3-K3)} -> 0 | N3: {=IF(J3="", "", IF(K3=0, 0, M3/K3))} -> 0
A4: 45931 | J4: 45717 | K4: =SUMIF(t_LaPlage[Proprio Monica],Recap_LaPlage[[#This Row],[Mois]],t_LaPlage[Mt Invest])+SUMIF(t_LaPlage[Proprio Monica],Recap_LaPlage[[#This Row],[Mois]],t_LaPlage[Loyer à Payer])+SUMIF(t_LaPlage[Proprio Monica],Recap_LaPlage[[#This Row],[Mois]],t_LaPlage[Mt Frais fixes]) -> 0 | L4: =SUMIF(t_LaPlage[Proprio Monica],Recap_LaPlage[[#This Row],[Mois]],t_LaPlage[Tarif]) -> 0 | M4: {=IF(J4="", "", L4-K4)} -> 0 | N4: {=IF(J4="", "", IF(K4=0, 0, M4/K4))} -> 0
A5: 45931 | C5: 280 | D5: 100 | E5: EAU | F5: 35 | G5: Mensuel | H5: 300 | J5: 45748 | K5: =SUMIF(t_LaPlage[Proprio Monica],Recap_LaPlage[[#This Row],[Mois]],t_LaPlage[Mt Invest])+SUMIF(t_LaPlage[Proprio Monica],Recap_LaPlage[[#This Row],[Mois]],t_LaPlage[Loyer à Payer])+SUMIF(t_LaPlage[Proprio Monica],Recap_LaPlage[[#This Row],[Mois]],t_LaPlage[Mt Frais fixes]) -> 0 | L5: =SUMIF(t_LaPlage[Proprio Monica],Recap_LaPlage[[#This Row],[Mois]],t_LaPlage[Tarif]) -> 0 | M5: {=IF(J5="", "", L5-K5)} -> 0 | N5: {=IF(J5="", "", IF(K5=0, 0, M5/K5))} -> 0
A6: Total | C6: =SUBTOTAL(109,t_LaPlage[Mt Invest]) -> 380 | D6: =SUBTOTAL(109,t_LaPlage[Loyer à Payer]) -> 900 | F6: =SUBTOTAL(109,t_LaPlage[Mt Frais fixes]) -> 85 | H6: =SUBTOTAL(109,t_LaPlage[Tarif]) -> 2300 | J6: 45778 | K6: =SUMIF(t_LaPlage[Proprio Monica],Recap_LaPlage[[#This Row],[Mois]],t_LaPlage[Mt Invest])+SUMIF(t_LaPlage[Proprio Monica],Recap_LaPlage[[#This Row],[Mois]],t_LaPlage[Loyer à Payer])+SUMIF(t_LaPlage[Proprio Monica],Recap_LaPlage[[#This Row],[Mois]],t_LaPlage[Mt Frais fixes]) -> 0 | L6: =SUMIF(t_LaPlage[Proprio Monica],Recap_LaPlage[[#This Row],[Mois]],t_LaPlage[Tarif]) -> 0 | M6: {=IF(J6="", "", L6-K6)} -> 0 | N6: {=IF(J6="", "", IF(K6=0, 0, M6/K6))} -> 0
J7: 45809 | K7: =SUMIF(t_LaPlage[Proprio Monica],Recap_LaPlage[[#This Row],[Mois]],t_LaPlage[Mt Invest])+SUMIF(t_LaPlage[Proprio Monica],Recap_LaPlage[[#This Row],[Mois]],t_LaPlage[Loyer à Payer])+SUMIF(t_LaPlage[Proprio Monica],Recap_LaPlage[[#This Row],[Mois]],t_LaPlage[Mt Frais fixes]) -> 0 | L7: =SUMIF(t_LaPlage[Proprio Monica],Recap_LaPlage[[#This Row],[Mois]],t_LaPlage[Tarif]) -> 0 | M7: {=IF(J7="", "", L7-K7)} -> 0 | N7: {=IF(J7="", "", IF(K7=0, 0, M7/K7))} -> 0
J8: 45839 | K8: =SUMIF(t_LaPlage[Proprio Monica],Recap_LaPlage[[#This Row],[Mois]],t_LaPlage[Mt Invest])+SUMIF(t_LaPlage[Proprio Monica],Recap_LaPlage[[#This Row],[Mois]],t_LaPlage[Loyer à Payer])+SUMIF(t_LaPlage[Proprio Monica],Recap_LaPlage[[#This Row],[Mois]],t_LaPlage[Mt Frais fixes]) -> 0 | L8: =SUMIF(t_LaPlage[Proprio Monica],Recap_LaPlage[[#This Row],[Mois]],t_LaPlage[Tarif]) -> 0 | M8: {=IF(J8="", "", L8-K8)} -> 0 | N8: {=IF(J8="", "", IF(K8=0, 0, M8/K8))} -> 0
J9: 45870 | K9: =SUMIF(t_LaPlage[Proprio Monica],Recap_LaPlage[[#This Row],[Mois]],t_LaPlage[Mt Invest])+SUMIF(t_LaPlage[Proprio Monica],Recap_LaPlage[[#This Row],[Mois]],t_LaPlage[Loyer à Payer])+SUMIF(t_LaPlage[Proprio Monica],Recap_LaPlage[[#This Row],[Mois]],t_LaPlage[Mt Frais fixes]) -> 0 | L9: =SUMIF(t_LaPlage[Proprio Monica],Recap_LaPlage[[#This Row],[Mois]],t_LaPlage[Tarif]) -> 0 | M9: {=IF(J9="", "", L9-K9)} -> 0 | N9: {=IF(J9="", "", IF(K9=0, 0, M9/K9))} -> 0
J10: 45901 | K10: =SUMIF(t_LaPlage[Proprio Monica],Recap_LaPlage[[#This Row],[Mois]],t_LaPlage[Mt Invest])+SUMIF(t_LaPlage[Proprio Monica],Recap_LaPlage[[#This Row],[Mois]],t_LaPlage[Loyer à Payer])+SUMIF(t_LaPlage[Proprio Monica],Recap_LaPlage[[#This Row],[Mois]],t_LaPlage[Mt Frais fixes]) -> 950 | L10: =SUMIF(t_LaPlage[Proprio Monica],Recap_LaPlage[[#This Row],[Mois]],t_LaPlage[Tarif]) -> 2000 | M10: {=IF(J10="", "", L10-K10)} -> 1050 | N10: {=IF(J10="", "", IF(K10=0, 0, M10/K10))} -> 1.1052632
J11: 45931 | K11: =SUMIF(t_LaPlage[Proprio Monica],Recap_LaPlage[[#This Row],[Mois]],t_LaPlage[Mt Invest])+SUMIF(t_LaPlage[Proprio Monica],Recap_LaPlage[[#This Row],[Mois]],t_LaPlage[Loyer à Payer])+SUMIF(t_LaPlage[Proprio Monica],Recap_LaPlage[[#This Row],[Mois]],t_LaPlage[Mt Frais fixes]) -> 415 | L11: =SUMIF(t_LaPlage[Proprio Monica],Recap_LaPlage[[#This Row],[Mois]],t_LaPlage[Tarif]) -> 300 | M11: {=IF(J11="", "", L11-K11)} -> -115 | N11: {=IF(J11="", "", IF(K11=0, 0, M11/K11))} -> -0.27710843
J12: 45962 | K12: =SUMIF(t_LaPlage[Proprio Monica],Recap_LaPlage[[#This Row],[Mois]],t_LaPlage[Mt Invest])+SUMIF(t_LaPlage[Proprio Monica],Recap_LaPlage[[#This Row],[Mois]],t_LaPlage[Loyer à Payer])+SUMIF(t_LaPlage[Proprio Monica],Recap_LaPlage[[#This Row],[Mois]],t_LaPlage[Mt Frais fixes]) -> 0 | L12: =SUMIF(t_LaPlage[Proprio Monica],Recap_LaPlage[[#This Row],[Mois]],t_LaPlage[Tarif]) -> 0 | M12: {=IF(J12="", "", L12-K12)} -> 0 | N12: {=IF(J12="", "", IF(K12=0, 0, M12/K12))} -> 0
J13: 45992 | K13: =SUMIF(t_LaPlage[Proprio Monica],Recap_LaPlage[[#This Row],[Mois]],t_LaPlage[Mt Invest])+SUMIF(t_LaPlage[Proprio Monica],Recap_LaPlage[[#This Row],[Mois]],t_LaPlage[Loyer à Payer])+SUMIF(t_LaPlage[Proprio Monica],Recap_LaPlage[[#This Row],[Mois]],t_LaPlage[Mt Frais fixes]) -> 0 | L13: =SUMIF(t_LaPlage[Proprio Monica],Recap_LaPlage[[#This Row],[Mois]],t_LaPlage[Tarif]) -> 0 | M13: {=IF(J13="", "", L13-K13)} -> 0 | N13: {=IF(J13="", "", IF(K13=0, 0, M13/K13))} -> 0
J14: Total | K14: =SUBTOTAL(109,Recap_LaPlage[Dépense]) -> 1365 | L14: =SUBTOTAL(109,Recap_LaPlage[Rentrée]) -> 2300 | M14: =SUBTOTAL(109,Recap_LaPlage[Bénéfice]) -> 935

Sheet Olho Marinho
A1: Proprio Monica | B1: Investissement | C1: Mt Invest | D1: Loyer à Payer | E1: Frais Fixes | F1: Mt Frais fixes | G1: Genre de Loc | H1: Tarif | J1: Mois | K1: Dépense | L1: Rentrée | M1: Bénéfice | N1: Marge %
A2: 45901 | J2: 45658 | K2: =SUMIF(t_Olho_Marinho[Proprio Monica],Recap_Olho_Marinho[[#This Row],[Mois]],t_Olho_Marinho[Mt Invest])+SUMIF(t_Olho_Marinho[Proprio Monica],Recap_Olho_Marinho[[#This Row],[Mois]],t_Olho_Marinho[Loyer à Payer])+SUMIF(t_Olho_Marinho[Proprio Monica],Recap_Olho_Marinho[[#This Row],[Mois]],t_Olho_Marinho[Mt Frais fixes]) -> 0 | L2: =SUMIF(t_Olho_Marinho[Proprio Monica],Recap_Olho_Marinho[[#This Row],[Mois]],t_Olho_Marinho[Tarif]) -> 0 | M2: {=IF(J2="", "", L2-K2)} -> 0 | N2: {=IF(J2="", "", IF(K2=0, 0, M2/K2))} -> 0
A3: 45901 | D3: 500 | E3: EDP | F3: 50 | G3: Annuel | H3: 900 | J3: 45689 | K3: =SUMIF(t_Olho_Marinho[Proprio Monica],Recap_Olho_Marinho[[#This Row],[Mois]],t_Olho_Marinho[Mt Invest])+SUMIF(t_Olho_Marinho[Proprio Monica],Recap_Olho_Marinho[[#This Row],[Mois]],t_Olho_Marinho[Loyer à Payer])+SUMIF(t_Olho_Marinho[Proprio Monica],Recap_Olho_Marinho[[#This Row],[Mois]],t_Olho_Marinho[Mt Frais fixes]) -> 0 | L3: =SUMIF(t_Olho_Marinho[Proprio Monica],Recap_Olho_Marinho[[#This Row],[Mois]],t_Olho_Marinho[Tarif]) -> 0 | M3: {=IF(J3="", "", L3-K3)} -> 0 | N3: {=IF(J3="", "", IF(K3=0, 0, M3/K3))} -> 0
A4: 45931 | J4: 45717 | K4: =SUMIF(t_Olho_Marinho[Proprio Monica],Recap_Olho_Marinho[[#This Row],[Mois]],t_Olho_Marinho[Mt Invest])+SUMIF(t_Olho_Marinho[Proprio Monica],Recap_Olho_Marinho[[#This Row],[Mois]],t_Olho_Marinho[Loyer à Payer])+SUMIF(t_Olho_Marinho[Proprio Monica],Recap_Olho_Marinho[[#This Row],[Mois]],t_Olho_Marinho[Mt Frais fixes]) -> 0 | L4: =SUMIF(t_Olho_Marinho[Proprio Monica],Recap_Olho_Marinho[[#This Row],[Mois]],t_Olho_Marinho[Tarif]) -> 0 | M4: {=IF(J4="", "", L4-K4)} -> 0 | N4: {=IF(J4="", "", IF(K4=0, 0, M4/K4))} -> 0
A5: 45931 | D5: 100 | F5: 20 | G5: Mensuel | H5: 500 | J5: 45748 | K5: =SUMIF(t_Olho_Marinho[Proprio Monica],Recap_Olho_Marinho[[#This Row],[Mois]],t_Olho_Marinho[Mt Invest])+SUMIF(t_Olho_Marinho[Proprio Monica],Recap_Olho_Marinho[[#This Row],[Mois]],t_Olho_Marinho[Loyer à Payer])+SUMIF(t_Olho_Marinho[Proprio Monica],Recap_Olho_Marinho[[#This Row],[Mois]],t_Olho_Marinho[Mt Frais fixes]) -> 0 | L5: =SUMIF(t_Olho_Marinho[Proprio Monica],Recap_Olho_Marinho[[#This Row],[Mois]],t_Olho_Marinho[Tarif]) -> 0 | M5: {=IF(J5="", "", L5-K5)} -> 0 | N5: {=IF(J5="", "", IF(K5=0, 0, M5/K5))} -> 0
A6: Total | C6: =SUBTOTAL(109,t_Olho_Marinho[Mt Invest]) -> 0 | D6: =SUBTOTAL(109,t_Olho_Marinho[Loyer à Payer]) -> 600 | F6: =SUBTOTAL(109,t_Olho_Marinho[Mt Frais fixes]) -> 70 | H6: =SUBTOTAL(109,t_Olho_Marinho[Tarif]) -> 1400 | J6: 45778 | K6: =SUMIF(t_Olho_Marinho[Proprio Monica],Recap_Olho_Marinho[[#This Row],[Mois]],t_Olho_Marinho[Mt Invest])+SUMIF(t_Olho_Marinho[Proprio Monica],Recap_Olho_Marinho[[#This Row],[Mois]],t_Olho_Marinho[Loyer à Payer])+SUMIF(t_Olho_Marinho[Proprio Monica],Recap_Olho_Marinho[[#This Row],[Mois]],t_Olho_Marinho[Mt Frais fixes]) -> 0 | L6: =SUMIF(t_Olho_Marinho[Proprio Monica],Recap_Olho_Marinho[[#This Row],[Mois]],t_Olho_Marinho[Tarif]) -> 0 | M6: {=IF(J6="", "", L6-K6)} -> 0 | N6: {=IF(J6="", "", IF(K6=0, 0, M6/K6))} -> 0
J7: 45809 | K7: =SUMIF(t_Olho_Marinho[Proprio Monica],Recap_Olho_Marinho[[#This Row],[Mois]],t_Olho_Marinho[Mt Invest])+SUMIF(t_Olho_Marinho[Proprio Monica],Recap_Olho_Marinho[[#This Row],[Mois]],t_Olho_Marinho[Loyer à Payer])+SUMIF(t_Olho_Marinho[Proprio Monica],Recap_Olho_Marinho[[#This Row],[Mois]],t_Olho_Marinho[Mt Frais fixes]) -> 0 | L7: =SUMIF(t_Olho_Marinho[Proprio Monica],Recap_Olho_Marinho[[#This Row],[Mois]],t_Olho_Marinho[Tarif]) -> 0 | M7: {=IF(J7="", "", L7-K7)} -> 0 | N7: {=IF(J7="", "", IF(K7=0, 0, M7/K7))} -> 0
J8: 45839 | K8: =SUMIF(t_Olho_Marinho[Proprio Monica],Recap_Olho_Marinho[[#This Row],[Mois]],t_Olho_Marinho[Mt Invest])+SUMIF(t_Olho_Marinho[Proprio Monica],Recap_Olho_Marinho[[#This Row],[Mois]],t_Olho_Marinho[Loyer à Payer])+SUMIF(t_Olho_Marinho[Proprio Monica],Recap_Olho_Marinho[[#This Row],[Mois]],t_Olho_Marinho[Mt Frais fixes]) -> 0 | L8: =SUMIF(t_Olho_Marinho[Proprio Monica],Recap_Olho_Marinho[[#This Row],[Mois]],t_Olho_Marinho[Tarif]) -> 0 | M8: {=IF(J8="", "", L8-K8)} -> 0 | N8: {=IF(J8="", "", IF(K8=0, 0, M8/K8))} -> 0
J9: 45870 | K9: =SUMIF(t_Olho_Marinho[Proprio Monica],Recap_Olho_Marinho[[#This Row],[Mois]],t_Olho_Marinho[Mt Invest])+SUMIF(t_Olho_Marinho[Proprio Monica],Recap_Olho_Marinho[[#This Row],[Mois]],t_Olho_Marinho[Loyer à Payer])+SUMIF(t_Olho_Marinho[Proprio Monica],Recap_Olho_Marinho[[#This Row],[Mois]],t_Olho_Marinho[Mt Frais fixes]) -> 0 | L9: =SUMIF(t_Olho_Marinho[Proprio Monica],Recap_Olho_Marinho[[#This Row],[Mois]],t_Olho_Marinho[Tarif]) -> 0 | M9: {=IF(J9="", "", L9-K9)} -> 0 | N9: {=IF(J9="", "", IF(K9=0, 0, M9/K9))} -> 0
J10: 45901 | K10: =SUMIF(t_Olho_Marinho[Proprio Monica],Recap_Olho_Marinho[[#This Row],[Mois]],t_Olho_Marinho[Mt Invest])+SUMIF(t_Olho_Marinho[Proprio Monica],Recap_Olho_Marinho[[#This Row],[Mois]],t_Olho_Marinho[Loyer à Payer])+SUMIF(t_Olho_Marinho[Proprio Monica],Recap_Olho_Marinho[[#This Row],[Mois]],t_Olho_Marinho[Mt Frais fixes]) -> 550 | L10: =SUMIF(t_Olho_Marinho[Proprio Monica],Recap_Olho_Marinho[[#This Row],[Mois]],t_Olho_Marinho[Tarif]) -> 900 | M10: {=IF(J10="", "", L10-K10)} -> 350 | N10: {=IF(J10="", "", IF(K10=0, 0, M10/K10))} -> 0.63636364
J11: 45931 | K11: =SUMIF(t_Olho_Marinho[Proprio Monica],Recap_Olho_Marinho[[#This Row],[Mois]],t_Olho_Marinho[Mt Invest])+SUMIF(t_Olho_Marinho[Proprio Monica],Recap_Olho_Marinho[[#This Row],[Mois]],t_Olho_Marinho[Loyer à Payer])+SUMIF(t_Olho_Marinho[Proprio Monica],Recap_Olho_Marinho[[#This Row],[Mois]],t_Olho_Marinho[Mt Frais fixes]) -> 120 | L11: =SUMIF(t_Olho_Marinho[Proprio Monica],Recap_Olho_Marinho[[#This Row],[Mois]],t_Olho_Marinho[Tarif]) -> 500 | M11: {=IF(J11="", "", L11-K11)} -> 380 | N11: {=IF(J11="", "", IF(K11=0, 0, M11/K11))} -> 3.1666667
J12: 45962 | K12: =SUMIF(t_Olho_Marinho[Proprio Monica],Recap_Olho_Marinho[[#This Row],[Mois]],t_Olho_Marinho[Mt Invest])+SUMIF(t_Olho_Marinho[Proprio Monica],Recap_Olho_Marinho[[#This Row],[Mois]],t_Olho_Marinho[Loyer à Payer])+SUMIF(t_Olho_Marinho[Proprio Monica],Recap_Olho_Marinho[[#This Row],[Mois]],t_Olho_Marinho[Mt Frais fixes]) -> 0 | L12: =SUMIF(t_Olho_Marinho[Proprio Monica],Recap_Olho_Marinho[[#This Row],[Mois]],t_Olho_Marinho[Tarif]) -> 0 | M12: {=IF(J12="", "", L12-K12)} -> 0 | N12: {=IF(J12="", "", IF(K12=0, 0, M12/K12))} -> 0
J13: 45992 | K13: =SUMIF(t_Olho_Marinho[Proprio Monica],Recap_Olho_Marinho[[#This Row],[Mois]],t_Olho_Marinho[Mt Invest])+SUMIF(t_Olho_Marinho[Proprio Monica],Recap_Olho_Marinho[[#This Row],[Mois]],t_Olho_Marinho[Loyer à Payer])+SUMIF(t_Olho_Marinho[Proprio Monica],Recap_Olho_Marinho[[#This Row],[Mois]],t_Olho_Marinho[Mt Frais fixes]) -> 0 | L13: =SUMIF(t_Olho_Marinho[Proprio Monica],Recap_Olho_Marinho[[#This Row],[Mois]],t_Olho_Marinho[Tarif]) -> 0 | M13: {=IF(J13="", "", L13-K13)} -> 0 | N13: {=IF(J13="", "", IF(K13=0, 0, M13/K13))} -> 0
J14: Total | K14: =SUBTOTAL(109,Recap_Olho_Marinho[Dépense]) -> 670 | L14: =SUBTOTAL(109,Recap_Olho_Marinho[Rentrée]) -> 1400 | M14: =SUBTOTAL(109,Recap_Olho_Marinho[Bénéfice]) -> 730
